 Dungeon Crawl Stone Soup version 0.26.1-2-gb8aa6d0cf2 (webtiles) character file.

Game seed: 15817972464919852684

48360 jlumianski the Cleaver (level 14, -4/124 HPs)
             Began as a Palentonga Fighter on Feb 9, 2021.
             Was the Champion of Okawaru.
             Slain by a deep troll (21 damage)
             ... on level 1 of the Orcish Mines on Feb 10, 2021.
             The game lasted 01:52:52 (23828 turns).

jlumianski the Cleaver (Palentonga Fighter)        Turns: 23828, Time: 01:52:53

Health: -4/124     AC: 37    Str: 25    XL:     14   Next: 12%
Magic:  22/22      EV:  7    Int:  9    God:    Okawaru [******]
Gold:   653        SH: 20    Dex: 19    Spells: 13/13 levels left

rFire    + + .     SeeInvis +   Q - +8 broad axe of Biegy {speed, Dex+10 SInv}
rCold    . . .     Faith    .   b - +1 tower shield {AC+3}
rNeg     . . .     Spirit   .   g - +2 plate armour of Igoydgha {rF++ Will++ Int-2}
rPois    +         Reflect  .   t - +2 helmet {SInv}
rElec    .         Harm     .   X - scarf {shadows}
rCorr    .         Rampage  .   l - +2 pair of gloves
Will     +++..                  y - +2 barding {Fly}
Stlth    ..........             U - amulet of regeneration
HPRegen  0.70/turn              O - ring of poison resistance (curse)
MPRegen  0.18/turn              V - +4 ring of evasion

@: flying, silenced, curled up
A: large, rugged brown scales 3, see invisible, clever 1, deformed body, subdued
magic 1, roll 2, armoured tail, reflexive curl
a: Rolling Charge, Stop Flying, Renounce Religion


You were on level 1 of the Orcish Mines.
You worshipped Okawaru.
Okawaru was exalted by your worship.
You visited 4 branches of the dungeon, and saw 19 of its levels.
You also visited: Bailey and Gauntlet.

You collected 2088 gold pieces.
You spent 1435 gold pieces at shops.

Inventory:

Hand Weapons
 i - a +1 hand axe of flaming
 F - a +3 vampiric battleaxe
 Q - the +8 broad axe of Biegy (weapon) {speed, Dex+10 SInv}
   (Okawaru gifted it to you on level 13 of the Dungeon)

   Attacks with this weapon are significantly faster.
   It affects your dexterity (+10).
   It lets you see invisible.
Missiles
 j - 25 boomerangs
 q - 42 poisoned darts (quivered)
 A - a throwing net
 C - 12 curare-tipped darts
 R - 30 silver javelins
 T - 7 silver boomerangs
Armour
 b - a +1 tower shield of protection (worn)
 g - the +2 plate armour of Igoydgha (worn) {rF++ Will++ Int-2}
   (You found it in a bailey)

   It affects your intelligence (-2).
   It greatly protects you from fire.
   It affects your willpower, your defense against some magical effects.
 l - a +2 pair of gloves (worn)
 p - a +2 helmet
 r - the +5 ring mail "Ihaufoc" {rC- Regen+ Int+4}
   (You found it on level 2 of the Orcish Mines)

   It affects your intelligence (+4).
   It makes you vulnerable to cold.
   It increases your rate of regeneration.
 t - a +2 helmet of see invisible (worn)
 y - a +2 barding of flying (worn)
 W - a +1 tower shield of fire resistance
 X - a scarf of shadows (worn)
Magical Staves
 h - an uncursed staff of poison
 K - an uncursed staff of death {unknown}
 M - an uncursed staff of fire {unknown}
Jewellery
 c - an uncursed ring of positive energy
 u - an uncursed amulet of reflection
 v - an uncursed amulet of guardian spirit
 I - a +6 ring of intelligence
 O - a cursed ring of poison resistance (left hand)
 U - an amulet of regeneration (around neck)
 V - a +4 ring of evasion (right hand)
Wands
 f - a wand of polymorph (15)
 n - a wand of digging (3)
 x - a wand of flame (65)
 E - a wand of acid (20)
 L - a wand of random effects (48)
 S - a wand of enslavement (7)
Scrolls
 a - a scroll of fear
 m - 2 scrolls of brand weapon
 o - 3 scrolls of enchant armour
 w - 6 scrolls of identify
 z - 3 scrolls of fog
 B - 13 scrolls of remove curse
 D - 15 scrolls of teleportation
 H - a scroll of blinking
 J - a scroll of amnesia
 Z - 2 scrolls of magic mapping
Potions
 d - 3 potions of might
 e - 3 potions of lignification
 k - 2 potions of invisibility
 s - 2 potions of haste
 G - 5 potions of heal wounds
 P - a potion of brilliance
 Y - 2 potions of curing
Miscellaneous
 N - a condenser vane


   Skills:
 + Level 8.5 Fighting
 + Level 13.5 Axes
 + Level 2.4 Throwing
 + Level 6.9 Armour
 + Level 3.6 Dodging
 - Level 1.2 Stealth
 * Level 10.2 Shields
 * Level 11.3 Invocations
 * Level 5.4 Evocations


You had 13 spell levels left.
You didn't know any spells.
Your spell library contained the following spells:

 Spells                   Type           Power        Failure   Level
 Foxfire                  Conj/Fire      0%           100%        1
 Magic Dart               Conj           0%           100%        1
 Shock                    Conj/Air       0%           100%        1
 Blink                    Tloc           N/A          100%        2
 Call Imp                 Summ           0%           100%        2
 Slow                     Hex            0%           100%        2
 Swiftness                Air            0%           100%        2
 Conjure Flame            Conj/Fire      0%           100%        3
 Inner Flame              Hex/Fire       0%           100%        3
 Mephitic Cloud           Conj/Pois/Air  0%           100%        3
 Static Discharge         Conj/Air       0%           100%        3
 Airstrike                Air            0%           100%        4
 Cause Fear               Hex            0%           100%        4
 Ice Form                 Ice/Tmut       0%           100%        4
 Sticky Flame             Conj/Fire      0%           100%        4
 Fireball                 Conj/Fire      0%           100%        5
 Lightning Bolt           Conj/Air       0%           100%        5
 Metabolic Englaciation   Hex/Ice        0%           100%        5
 Silence                  Hex/Air        0%           100%        5
 Yara's Violent Unravell  Hex/Tmut       0%           100%        5
 Freezing Cloud           Conj/Ice/Air   0%           100%        6
 Ozocubu's Refrigeration  Ice            0%           100%        6
 Simulacrum               Ice/Necr       0%           100%        6
 Discord                  Hex            0%           100%        8


Dungeon Overview and Level Annotations

Branches:
Dungeon (15/15)            Temple (0/1) D:6            Lair (1/6) D:9
    Orc (2/2) D:11            Elf (0/3) Orc:2        Vaults (0/5) D:14
 Depths (1/5) D:15         Bailey (visited)         Gauntlet (visited)

Altars:
Ashenzari
Cheibriados
Dithmenos
Gozag
Kikubaaqudgha
Makhleb
Nemelex Xobeh
Okawaru
Sif Muna
Trog
Uskayaw
Vehumet
Zin

Shops:
D:14 *   Orc:2 =[}!

Annotations:
Orc:1 1 transporter, 1 runed translucent door


Innate Abilities, Weirdness & Mutations

You are completely covered in rugged brown scales. (AC +3, +7% HP)
You have supernaturally acute eyesight. (SInv)
Armour fits poorly on your strangely shaped body.
You can roll at foes to attack.
You have a long armoured tail.
You curl defensively after being hit.
Your mind is acute. (Int +2)
Your spells are a little easier to cast, but a little less powerful.


Message History

You hit the troll.
The troll is almost dead.
You barely miss the deep troll. You block the troll's attack. x3
The deep troll bites you!! The deep troll claws you!
You block the deep troll's attack.
You slash the troll!
You kill the troll!
Okawaru accepts your kill.
The troll leather armour is intact enough to wear.
You closely miss the deep troll. The deep troll bites you!
* * * LOW HITPOINT WARNING * * *
You block the deep troll's attack. x2
The deep troll bites you!
* * * LOW HITPOINT WARNING * * *
You block the deep troll's attack. The deep troll claws you.
* * * LOW HITPOINT WARNING * * *
You barely miss the deep troll.
The deep troll is lightly wounded.
The deep troll barely misses you. The deep troll claws you!!
You die...

..........#######
..........# ..........#
# ..........# ÷#ye
..........# ##### #
..........# #..... #
..........# ##...... #
#
..........######T[.###.
#y #
.............#y#@..#y#$
#####
.............###''####$
##....
..............##...##
##....
.............©##©.!#W+_
##©...
.....)).......##...###:
##....
.....)[......###++### $
##....
.............#y#...
#####
..........######... #
..........# .


You could see a deep troll (berserk), 2 moths of wrath, a silent spectre
(silencing) and a deep elf mage.

Vanquished Creatures
  The ghost of Giaff the Carver, a journeyman DsGl of Makhleb (D:15)
  A minotaur (Gauntlet)
  A green death (Gauntlet)
  3 hydras
  A boulder beetle (D:12)
  A death knight (D:10)
  2 centaur warriors (D:14)
  4 two-headed ogres
  4 tengu warriors
  Sonja (D:11)
  A fire crab (Gauntlet)
  A fire crab (shapeshifter) (D:14)
  A spark wasp zombie (D:15)
  A sixfirhy (Gauntlet)
  2 unseen horrors
  A skeletal warrior (D:15)
  A flayed ghost (D:15)
  A necromancer (D:15)
  5 orc knights
  9 ugly things
  An orc sorcerer (Orc:2)
  An elephant (D:9)
  3 cyclopes
  A sphinx skeleton (D:15)
  A manticore (D:12)
  A guardian serpent (shapeshifter) (D:14)
  Psyche (D:12)
  2 centaur zombies
  2 gargoyles (D:14)
  An orange demon (Gauntlet)
  Maggie (D:6)
  A komodo dragon (D:13)
  3 freezing wraiths (D:10)
  A guardian mummy (D:15)
  4 trolls
  A hornet (D:13)
  A queen bee (shapeshifter) (D:13)
  A spriggan zombie (D:15)
  A spriggan (shapeshifter) (D:14)
  4 shadows
  4 wyverns
  A vampire (D:13)
  6 yaks
  2 fire bats (Gauntlet)
  A wraith (D:13)
  7 wargs
  2 two-headed ogre zombies (D:11)
  2 acid dragons
  5 water moccasins
  40 orc warriors
  4 black bears
  2 ice beasts
  5 sky beasts
  4 phantoms
  An eye of draining (D:14)
  14 centaurs
  16 ogres
  A big kobold (D:12)
  4 bullfrogs
  3 scorpions
  14 killer bees
  16 wights
  7 howler monkeys
  An electric eel (Orc:2)
  2 centaur skeletons
  19 orc priests
  10 hounds
  2 jellies (D:13)
  9 worker ants
  8 iguanas
  37 orc wizards
  6 ogre zombies (D:11)
  2 hound skeletons
  A gnoll (D:1)
  7 adders
  3 shadow imps
  12 white imps
  8 ufetubi
  An adder zombie (D:1)
  3 adder skeletons
  5 worms
  A dart slug (D:1)
  129 orcs
  9 bats
  A giant cockroach (D:5)
  9 hobgoblins
  7 jackals
  3 quokkas
  A ball python (D:4)
  3 frilled lizards
  A giant cockroach zombie (D:5)
  10 goblins
  A goblin zombie (D:11)
  2 hobgoblin skeletons (D:11)
  2 hobgoblin zombies (D:11)
  13 kobolds
  A leopard gecko zombie (D:1)
  3 orc skeletons (D:11)
  16 orc zombies (D:11)
  A quokka skeleton (D:8)
  11 rats
595 creatures vanquished.

Vanquished Creatures (others)
  A white imp (Orc:2)
  An orc (Orc:2)
  4 fungi (Gauntlet)
  21 plants
  3 withered plants (D:15)
30 creatures vanquished.

Grand Total: 625 creatures vanquished

Notes
Turn   | Place    | Note
-------+----------+-------------------------------------------
     0 | D:1      | jlumianski the Palentonga Fighter began the quest for the
                  | Orb.
     0 | D:1      | Reached XP level 1. HP: 20/20 MP: 1/1
   113 | D:1      | Reached XP level 2. HP: 27/27 MP: 2/2
   634 | D:1      | Reached XP level 3. HP: 33/33 MP: 3/3
  1030 | D:2      | Found a radiant altar of Vehumet.
  1056 | D:2      | Found a bloodstained altar of Trog.
  1411 | D:2      | Reached XP level 4. HP: 40/40 MP: 4/4
  1626 | D:2      | Found an opulent altar of Gozag.
  1701 | D:2      | Found a hide-covered altar of Uskayaw.
  1813 | D:2      | Found a sparkling altar of Nemelex Xobeh.
  1891 | D:2      | Found a shadowy altar of Dithmenos.
  1950 | D:2      | Found a broken altar of Ashenzari.
  2089 | D:2      | Found a glowing silver altar of Zin.
  2210 | D:3      | Gained mutation: Your spells are a little easier to cast,
                  | but a little less powerful. [potion of mutation]
  2210 | D:3      | Gained mutation: Your mind is acute. (Int +2) [potion of
                  | mutation]
  2210 | D:3      | Gained mutation: You can roll at foes to attack. [potion of
                  | mutation]
  2307 | D:3      | Reached skill level 3 in Axes
  2618 | D:3      | Reached XP level 5. HP: 20/48 MP: 5/5
  3229 | D:3      | Found a shimmering blue altar of Sif Muna.
  3229 | D:3      | Found a faded altar of an unknown god.
  3237 | D:3      | Found a faded altar of an unknown god.
  3240 | D:3      | Found an iron altar of Okawaru.
  3242 | D:3      | Found a burning altar of Makhleb.
  3248 | D:3      | Became a worshipper of Warmaster Okawaru
  3405 | D:4      | Found a snail-covered altar of Cheibriados.
  3423 | D:5      | Entered Level 5 of the Dungeon
  3473 | D:5      | Noticed an ogre
  3479 | D:5      | Killed an ogre
  3479 | D:5      | Reached * piety under Okawaru
  3480 | D:5      | Reached skill level 4 in Axes
  3480 | D:5      | Reached XP level 6. HP: 38/55 MP: 6/6
  3922 | D:4      | Reached skill level 1 in Dodging
  4596 | D:6      | Noticed an orc warrior
  4637 | D:5      | Gained mutation: You curl defensively after being hit.
                  | [Palentonga growth]
  4637 | D:5      | Reached XP level 7. HP: 33/62 MP: 7/7
  4659 | D:6      | Found a staircase to the Ecumenical Temple.
  4700 | D:6      | Reached skill level 1 in Invocations
  4924 | D:5      | Reached skill level 5 in Axes
  6142 | D:6      | Reached XP level 8. HP: 62/70 MP: 9/9
  6190 | D:7      | Noticed Maggie
  6200 | D:6      | Killed Maggie
  6200 | D:6      | Reached ** piety under Okawaru
  6201 | D:6      | Reached skill level 6 in Axes
  6201 | D:6      | Reached skill level 1 in Stealth
  6558 | D:6      | Reached skill level 5 in Shields
  6564 | D:6      | Found an ancient bone altar of Kikubaaqudgha.
  6894 | D:6      | Reached skill level 7 in Axes
  7357 | D:8      | Reached XP level 9. HP: 36/78 MP: 12/12
  7380 | D:7      | Reached *** piety under Okawaru
  7495 | D:8      | Found a flagged portal.
  7541 | Bailey   | Entered a bailey
  7938 | Bailey   | Noticed an orc knight
  8035 | Bailey   | Noticed an orc knight
  8105 | Bailey   | Killed an orc knight
  8106 | Bailey   | Reached skill level 5 in Fighting
  8106 | Bailey   | Reached skill level 1 in Throwing
  8106 | Bailey   | Reached skill level 5 in Invocations
  8297 | Bailey   | Identified the +2 plate armour of Igoydgha {rF++ Will++
                  | Int-2} (You found it in a bailey)
  8994 | D:7      | Reached **** piety under Okawaru
  9512 | D:7      | Received a gift from Okawaru
  9637 | D:8      | Noticed a two-headed ogre
  9649 | D:8      | Killed a two-headed ogre
  9649 | D:8      | Reached ***** piety under Okawaru
  9650 | D:8      | Reached skill level 8 in Axes
  9650 | D:8      | Reached skill level 5 in Armour
  9650 | D:8      | Reached XP level 10. HP: 56/86 MP: 14/14
  9981 | D:8      | Received a gift from Okawaru
 10154 | D:8      | Reached skill level 9 in Axes
 10873 | D:9      | Noticed an elephant
 10875 | D:9      | Found a staircase to the Lair.
 10904 | D:9      | Killed an elephant
 11301 | D:10     | Entered Level 10 of the Dungeon
 11864 | D:10     | Identified the +5 scale mail of Pigeinom {rPois} (You found
                  | it on level 10 of the Dungeon)
 11938 | D:10     | Noticed a two-headed ogre
 11951 | D:10     | Killed a two-headed ogre
 11952 | D:10     | Reached XP level 11. HP: 67/95 MP: 13/16
 12552 | D:11     | Noticed a death knight
 12573 | D:10     | Received a gift from Okawaru
 12925 | D:10     | Killed a death knight
 13662 | D:11     | Noticed a tengu warrior
 13697 | D:10     | Killed a tengu warrior
 13698 | D:10     | Reached skill level 10 in Axes
 13755 | D:11     | Noticed an orc knight
 13762 | D:11     | Killed an orc knight
 13844 | D:11     | Noticed a five-headed hydra
 13863 | D:11     | Killed a one-headed hydra
 13897 | D:11     | Noticed a two-headed ogre
 13903 | D:11     | Killed a two-headed ogre
 14041 | D:11     | Found a staircase to the Orcish Mines.
 14167 | D:11     | Noticed a tengu warrior
 14183 | D:11     | Killed a tengu warrior
 14224 | D:11     | Noticed a two-headed ogre
 14231 | D:11     | Killed a two-headed ogre
 14464 | D:12     | Noticed Psyche
 14469 | D:12     | Killed Psyche
 14548 | D:12     | Reached XP level 12. HP: 107/107 MP: 19/19
 14591 | D:12     | Noticed Sonja
 15031 | D:11     | Killed Sonja
 15032 | D:11     | Reached skill level 11 in Axes
 15276 | D:12     | Reached skill level 1 in Evocations
 15290 | D:12     | Noticed a boulder beetle
 15306 | D:12     | Killed a boulder beetle
 15795 | D:12     | Noticed a five-headed hydra
 15803 | D:12     | Killed a one-headed hydra
 16212 | D:13     | Reached ****** piety under Okawaru
 16213 | D:13     | Reached skill level 10 in Invocations
 16750 | D:13     | Received a gift from Okawaru
 16754 | D:13     | Got a transparent broad axe {god gift}
 16755 | D:13     | Identified the +8 broad axe of Biegy {speed, Dex+10 SInv}
                  | (Okawaru gifted it to you on level 13 of the Dungeon)
 17088 | D:13     | Noticed a tengu warrior
 17099 | D:13     | Killed a tengu warrior
 17100 | D:13     | Reached skill level 12 in Axes
 17142 | D:13     | Noticed a tengu warrior
 17152 | D:13     | Killed a tengu warrior
 17179 | D:13     | Noticed an eight-headed hydra
 17185 | D:13     | Killed a four-headed hydra
 17730 | D:13     | Reached XP level 13. HP: 114/114 MP: 20/20
 17733 | D:13     | Received a gift from Okawaru
 17794 | D:14     | Found a gate to the Vaults.
 18403 | D:14     | Found Weabeh's Assorted Antiques.
 18615 | Lair:1   | Entered Level 1 of the Lair of Beasts
 18872 | D:14     | Bought a scroll of identify for 48 gold pieces
 18872 | D:14     | Bought a scroll of identify for 48 gold pieces
 18872 | D:14     | Bought a runed tower shield for 180 gold pieces
 18872 | D:14     | Bought a blackened marble ring for 120 gold pieces
 19067 | D:15     | Entered Level 15 of the Dungeon
 19110 | D:15     | Found a runed translucent door.
 19111 | D:15     | Noticed Giaff's ghost (journeyman DsGl)
 19162 | D:15     | Killed Giaff's ghost
 19754 | D:15     | Found a staircase to the Depths.
 19778 | D:15     | Reached skill level 13 in Axes
 19801 | Depths:1 | Entered Level 1 of the Depths
 19801 | Depths:1 | Noticed a fire dragon
 19801 | Depths:1 | Noticed a white very ugly thing
 19801 | Depths:1 | Noticed a white very ugly thing
 19801 | Depths:1 | Noticed a white very ugly thing
 20192 | Orc:1    | Entered Level 1 of the Orcish Mines
 20449 | Orc:1    | Found a transporter.
 20867 | Orc:2    | Entered Level 2 of the Orcish Mines
 20867 | Orc:2    | Found a staircase to the Elven Halls.
 20880 | Orc:2    | Found a gate leading to a gauntlet.
 20888 | Gauntlet | Entered a Gauntlet
 20888 | Gauntlet | Found a transporter.
 20888 | Gauntlet | Found a runed translucent door.
 20896 | Gauntlet | Found a transporter.
 20909 | Gauntlet | Found a transporter.
 20929 | Gauntlet | Found a transporter.
 20929 | Gauntlet | Found a transporter.
 20932 | Gauntlet | Found a transporter.
 20934 | Gauntlet | Found a transporter.
 20934 | Gauntlet | Found a transporter.
 20945 | Gauntlet | Noticed a green death
 20951 | Gauntlet | Found a transporter.
 20968 | Gauntlet | Found a transporter.
 20978 | Gauntlet | Found a transporter.
 20993 | Gauntlet | Found a transporter.
 21018 | Gauntlet | Found a transporter.
 21029 | Gauntlet | Found a runed translucent door.
 21035 | Gauntlet | Found a transporter.
 21234 | Gauntlet | Killed a green death
 21234 | Gauntlet | Received a gift from Okawaru
 21602 | Gauntlet | Noticed a minotaur
 21616 | Gauntlet | Killed a minotaur
 21846 | Orc:1    | Reached skill level 5 in Evocations
 21866 | Orc:2    | Reached skill level 10 in Shields
 22622 | Orc:2    | Reached XP level 14. HP: 120/124 MP: 22/22
 22868 | Orc:2    | Found Mihiethu's Armour Boutique.
 22868 | Orc:2    | Found Tiseda's Gadget Emporium.
 22868 | Orc:2    | Found Ycamoc's Distillery.
 22872 | Orc:2    | Found Wecen's Jewellery Shop.
 23153 | Orc:2    | Bought an uncursed amulet of regeneration for 360 gold
                  | pieces
 23153 | Orc:2    | Bought a +4 ring of evasion for 432 gold pieces
 23169 | Orc:2    | Bought a potion of curing for 39 gold pieces
 23169 | Orc:2    | Bought a potion of mutation for 104 gold pieces
 23169 | Orc:2    | Bought a potion of curing for 39 gold pieces
 23169 | Orc:2    | Bought a potion of heal wounds for 65 gold pieces
 23286 | Orc:2    | Identified the +5 ring mail "Ihaufoc" {rC- Regen+ Int+4}
                  | (You found it on level 2 of the Orcish Mines)
 23816 | Orc:1    | Found a transporter.
 23816 | Orc:1    | Found a runed translucent door.
 23816 | Orc:1    | Found a bloodstained altar of Trog.
 23817 | Orc:1    | Found the cursed necklace of Bloodlust {*Rage +Rage Will++
                  | Int-3 Slay+6 *Curse}
 23828 | Orc:1    | Slain by a deep troll

Illustrated notes

Levels and vault maps discovered:
D:1:      saegor_arrival_fortress, layout_basic, minmay_misc_feat_rows
D:2:      layout_rooms, pdpol_temple_overflow_zin_treasury_gozag_greed,
          old_standard_altar, lemuel_doored_altar,
          nicolae_dithmenos_through_a_glass_darkly,
          lemuel_coloured_pillars_altar, nicolae_overflow_crystal_walls,
          minmay_misc_feat_tiny, evilmike_ruin_ashenzari
D:3:      layout_loops_ring, chequers_temple_overflow_minitemple
D:4:      layout_basic, kennysheep_mini_moat
D:5:      layout_loops_ring
D:6:      layout_basic, kiku_gazebo_pond_becter, minmay_temple_entry_hall
D:7:      layout_gridville, amcnicky_mini_corridor_feature,
          eino_small_chamber_without_monster, uniq_maggie
D:8:      layout_basic, enter_bailey_5
D:9:      layout_loops_ring, david_lair_generic, kennysheep_dice
D:10:     layout_loops_ring
D:11:     cheibrodos_orc_bank, layout_rooms, zombieorc2_lemuel
D:12:     layout_loops_ring, uniq_sonja, uniq_psyche
D:13:     layout_basic
D:14:     layout_gridville, david_vaults_2, serial_shops, shop
D:15:     gammafunk_depths_entry_grave, layout_small_grid,
          nicolae_ru_path_of_blood, gammafunk_ghost_grave
Lair:1:   layout_misc_corridors, minivault_26, grunt_megastairs_1
Orc:1:    emtedronai_trogs_sanctum, layout_diamond_mine
Orc:2:    st_orc_rangers, layout_caves, gauntlet_entry_generic,
          portal_ice_cave_entry_imps, nooodl_orcs_dogs
Depths:1: hangedman_six_sided_sadism, layout_cave_pools, enter_ziggurat_f,
          hell_entry, kennysheep_cross_room, st_stairs_4, nrook_loot_triangle,
          onia_ninara_cookie, uniq_mara

Skill      XL: |  1  2  3  4  5  6  7  8  9 10 11 12 13 |
---------------+----------------------------------------+-----
Shields        | 3 4 5 6 7 8 10 | 10.2
Axes           | 3 4 5 7 8 9 10 12 13 | 13.5
Armour         | 3 4 5 6 |  6.9
Dodging        | 1 2 3 |  3.6
Invocations    | 2 4 6 7 9 10 11 | 11.3
Fighting       | 4 5 6 7 8 |  8.5
Stealth        | 1 |  1.2
Throwing       | 2 |  2.4
Evocations     | 3 5 |  5.4

Action                   |  1- 3 |  4- 6 |  7- 9 | 10-12 | 13-15 || total
-------------------------+-------+-------+-------+-------+-------++-------
Melee: War axe           |    85 |   173 |   123 |       |       ||   381
       Tailslap          |     4 |    24 |    49 |   119 |    68 ||   264
       Hand axe          |       |       |   236 |   439 |       ||   675
       Battleaxe         |       |       |       |   247 |       ||   247
       Broad axe         |       |       |       |   111 |   415 ||   526
Throw: Stone             |       |     5 |     1 |       |       ||     6
       Boomerang         |       |       |    56 |       |       ||    56
       Dart              |       |       |     4 |    10 |       ||    14
Invok: Heroism           |       |       |     4 |     6 |     2 ||    12
       Finesse           |       |       |       |     1 |       ||     1
 Abil: Rolling Charge    |    13 |    27 |    41 |    77 |    41 ||   199
Evoke: Wand              |       |       |       |     4 |       ||     4
  Use: Potion            |     4 |     4 |     7 |     2 |     2 ||    19
       Scroll            |     5 |     7 |     7 |     7 |    10 ||    36
 Stab: Invisible         |     1 |       |       |       |       ||     1
Armor: Scale mail        |    71 |    81 |       |   311 |       ||   463
       Chain mail        |       |    16 |    44 |       |       ||    60
       Acid dragon scale |       |       |    53 |       |       ||    53
       Plate armour      |       |       |    26 |   111 |   165 ||   302
Dodge: Dodged            |    31 |    27 |    43 |   158 |    23 ||   282
Block: Kite shield       |    59 |   181 |   277 |   263 |       ||   780
       Reflection        |       |     2 |     4 |    12 |   109 ||   127
       Other             |       |       |       |    70 |       ||    70
       Tower shield      |       |       |       |    79 |   472 ||   551
